AoeStats
← KUANCHO26

Four Lakes

509539945Analyzed
1v1 RM · 7d ago on Sep 27, 2026· 38m 9s· 2 players
Game mode
Random Map
Map size
Tiny (2 player)
Population
200
Speed
Normal
Resources
Standard
Victory
Conquest
Starting age
Dark Age
Ending age
Imperial Age
RankedLock teamsTeams togetherTeam positionsShared explorationLock speedFull tech treeHidden civsTurbo modeCheats
Victory
Defeat
🇦🇷 Vietnamese · Argentina
774
+17
🇷🇺 Bohemians · Russia
786
-17
KUANCHO26
8:57 Loom
11:39 Feudal Age
12:05 Fishing Lines
21:24 Castle Age
21:43 Wheelbarrow
20:53 Double-Bit Axe
22:11 Fletching
22:22 Padded Archer Armor
22:02 Crossbowman
23:15 Bow Saw
24:06 Hand Cart
23:36 Town Watch
24:16 Scale Mail Armor
28:58 Gold Mining
30:22 Forging
30:26 Bodkin Arrow
29:55 Elite Skirmisher
30:18 Pikeman
32:22 Leather Archer Armor
32:54 Thumb Ring
34:56 Gillnets
39:29 Imperial Age
born_to_chilll
0:31 Loom
11:15 Feudal Age
22:38 Castle Age
24:00 Padded Archer Armor
28:35 Pikeman
33:22 Chemistry
Connection lost

Rejoining the realm…

Still unreachable

The connection could not be restored.

Session expired

The server has moved on; the page needs a fresh start.